 Dungeon Crawl Stone Soup version 0.30-a0-830-gfe289a77b0 (webtiles) character file.

Game seed: 1118396331557056869

21 zenocrate the Shooter (level 2, 0/23 HPs)
             Began as a Barachi Hunter on Feb 28, 2023.
             Slain by a worm (10 damage)
             ... on level 2 of the Dungeon.
             The game lasted 00:00:48 (558 turns).

zenocrate the Shooter (Barachi Hunter)               Turns: 558, Time: 00:00:48

Health: 0/23       AC:  3    Str: 12    XL:     2   Next: 83%
Magic:  2/2        EV: 12    Int:  9    God:
Gold:   41         SH:  0    Dex: 15    Spells: 1/1 levels left

rFire   . . .      SeeInvis .    a - +0 shortbow
rCold   . . .      Faith    .    (shield currently unavailable)
rNeg    . . .      Spirit   .    c - +0 leather armour
rPois   .          Reflect  .    (no helmet)
rElec   .          Harm     .    (no cloak)
rCorr   .          Rampage  .    (no gloves)
Will    .....                    (no boots)
Stlth   +                        (no amulet)
HPRegen 0.23/turn                (no ring)
MPRegen 0.08/turn                (no ring)

@: slow
A: amphibious, slowness 1, strong legs 1, +LOS
a: Hop


You were on level 2 of the Dungeon.
You visited 1 branch of the dungeon, and saw 2 of its levels.

You collected 41 gold pieces.

Inventory:

Hand Weapons
 a - a +0 shortbow (weapon)
Armour
 c - a +0 leather armour (worn)
Scrolls
 b - a scroll of immolation
 d - a scroll of magic mapping
 g - a scroll of fear
Potions
 f - a potion of curing


   Skills:
 - Level 2.4 Fighting
 + Level 4.8 Ranged Weapons
 - Level 2.1 Dodging
 - Level 0.8 Stealth


You had one spell level left.
You didn't know any spells.
Your spell library contained the following spells:

 Spells                   Type           Power      Damage    Failure   Level
 Beastly Appendage        Tmut           0%         N/A       45%         1
 Wereblood                Tmut           0%         N/A       61%         2
 Spider Form              Tmut/Pois      0%         N/A       83%         3


Dungeon Overview and Level Annotations

Branches:
Dungeon (2/15)

Altars:


Innate Abilities, Weirdness & Mutations

You are amphibious.
You cover ground slowly.
You can hop short distances.
You have an extended range of vision and can be seen from far away.


Message History

There is a stone staircase leading down here.
You climb downwards.
The kobold shouts!
You hear a shout!
You hear an angry hiss.
Found a dagger.
There is a stone staircase leading up here.
There are monsters nearby!
You shoot an arrow. The arrow barely misses the worm.
A kobold comes into view. It is wielding a +0 short sword.
There are monsters nearby!
You shoot an arrow.
The arrow hits the worm but does no damage.
There are monsters nearby!
You shoot an arrow. The arrow hits the worm.
The worm is lightly wounded.
The worm barely misses you.
You shoot an arrow. The arrow hits the worm.
The worm is heavily wounded.
An adder comes into view.
The kobold barely misses you. The worm barely misses you.
The kobold attacks as you move away! The kobold barely misses you.
Found a robe.
The kobold throws a stone.
The stone hits you but does no damage.
You shoot an arrow. The arrow hits the worm.
The worm is severely wounded.
You shoot an arrow.
The arrow hits the worm but does no damage.
The worm is severely wounded.
The worm bites you.
You shoot an arrow. The arrow hits the worm!
You kill the worm!
The kobold hits you with a +0 dagger.
You shoot an arrow. The arrow hits the kobold.
The kobold is severely wounded.
The kobold hits you with a +0 dagger.
You shoot an arrow. The arrow hits the kobold.
You kill the kobold!
You shoot an arrow. The arrow misses the kobold.
The kobold hits you with a +0 short sword.
The worm bites you! The kobold hits you but does no damage.
You shoot an arrow. The arrow closely misses the kobold.
The worm bites you!
You die...

# .# #.## ##.#####
#...##
........##.....###
#)SK@.......[
#..##w....###
..... ....##
#...##.. ##### ...
#.. .S #.. #.. #..
...


You could see a worm, an adder and a kobold.

Vanquished Creatures
  A worm (D:2)
  4 ball pythons (D:1)
  A bat (D:1)
  3 endoplasms (D:1)
  A giant cockroach (D:1)
  A hobgoblin (D:1)
  A quokka (D:1)
  2 kobolds
  A rat (D:1)
15 creatures vanquished.

Notes
Turn   | Place    | Note
-------+----------+-------------------------------------------
     0 | D:1      | zenocrate the Barachi Hunter began the quest for the Orb.
     0 | D:1      | Reached XP level 1. HP: 17/17 MP: 1/1
   197 | D:1      | Reached XP level 2. HP: 23/23 MP: 2/2
   282 | D:1      | Found a faded altar of an unknown god.
   558 | D:2      | Slain by a worm

Illustrated notes

Levels and vault maps discovered:
D:1:      heliophobic_arrival_glass_houses, layout_basic,
          hellmonk_ecumenical_altar_leap_of_faith, hex_tiny
D:2:      layout_loops_ring, minmay_cupped

Action                     || total
---------------------------++-------
   Fire: Shortbow          ||    36
    Use: Scroll            ||     3
 Armour: Leather armour    ||     2
  Dodge: Dodged            ||     5

Table legend: (Time is in decaauts)
 A = Elapsed time spent in this place.
 B = Non-inter-level travel time spent in this place.
 C = Inter-level travel time spent in this place.
 D = Time resting spent in this place.
 E = Time spent auto-exploring this place.
 F = Levels seen in this place.
 G = Mean time per level.
                   A        B        C        D        E       F      G
               +--------+--------+--------+--------+--------+-----+--------+
         Total |    667 |    660 |      7 |      0 |    572 |   2 |  333.5 |
       Dungeon |    667 |    660 |      7 |      0 |    572 |   2 |  333.5 |
               +--------+--------+--------+--------+--------+-----+--------+

Top non-repeatable levels by time:
     D:1: 652 daAuts
     D:2: 15 daAuts
